AoeStats
← TheQuietRiot

Arena

510161034Analyzed
1v1 RM · 1d ago on Sep 29, 2026· 52m 20s· 2 players
Game mode
Random Map
Map size
Tiny (2 player)
Population
200
Speed
Normal
Resources
Standard
Victory
Conquest
Starting age
Dark Age
Ending age
Imperial Age
RankedLock teamsTeams togetherTeam positionsShared explorationLock speedFull tech treeHidden civsTurbo modeCheats
Victory
Defeat
🇬🇧 Saxons · United Kingdom
989
+16
🇳🇴 Byzantines · Norway
993
-16
TheQuietRiot
9:43 Feudal Age
10:14 Double-Bit Axe
15:47 Castle Age
13:55 Horse Collar
15:41 Loom
21:07 Wheelbarrow
22:59 Bow Saw
23:22 Heavy Plow
25:55 Hand Cart
27:09 Gold Mining
27:10 Stone Mining
28:26 Forging
29:40 Squires
29:02 Pikeman
29:42 Town Watch
31:15 Iron Casting
30:41 Scale Mail Armor
31:30 Gold Shaft Mining
34:24 Imperial Age
34:32 Imperial Age
31:49 Town Watch
33:23 Ballistics
33:33 Chain Mail Armor
33:15 Fletching
33:16 Gambesons
34:41 Town Patrol
34:57 Masonry
34:35 Capped Ram
34:45 Halberdier
34:51 Elite Varangian Guard
35:57 Conscription
35:01 Elite Hearth Troop
35:37 Siege Ram
35:46 Elite Skirmisher
36:35 Thumb Ring
39:28 Chemistry
38:34 Siege Engineers
38:59 Architecture
41:33 Plate Mail Armor
41:01 Bodkin Arrow
41:07 Padded Archer Armor
42:00 Fortified Wall
46:55 Shield Wall
50:43 Arson
52:09 Murder Holes
MHRO
10:11 Feudal Age
15:14 Castle Age
14:40 Double-Bit Axe
18:57 Loom
23:24 Wheelbarrow
23:45 Light Cavalry
27:51 Bow Saw
27:25 Horse Collar
28:00 Gold Mining
27:42 Elite Skirmisher
28:26 Fletching
29:44 Hand Cart
34:16 Imperial Age
31:52 Light Cavalry
32:33 Husbandry
32:39 Stone Mining
32:49 Bodkin Arrow
34:52 Thumb Ring
35:10 Ballistics
34:54 Capped Ram
36:41 Bracer
37:28 Murder Holes
39:11 Chemistry
38:18 Padded Archer Armor
38:29 Scale Barding Armor
38:32 Hussar
39:09 Cavalier
40:55 Siege Ram
42:02 Paladin
45:22 Gold Shaft Mining
51:17 Leather Archer Armor
51:28 Chain Barding Armor
51:19 Forging
Connection lost

Rejoining the realm…

Still unreachable

The connection could not be restored.

Session expired

The server has moved on; the page needs a fresh start.